 Dungeon Crawl Stone Soup version 0.19-a0-1090-g3c1ee9c (webtiles) character file.

15745 Murumi the Fighter (level 12, 97/97 HPs)
             Began as a Formicid Fighter on Aug 7, 2016.
             Was an Elder of Elyvilon.
             Quit the game on level 3 of the Lair of Beasts.
             The game lasted 01:09:35 (15137 turns).

Murumi the Fighter (Formicid Fighter)              Turns: 15137, Time: 01:09:35

Health: 97/97      AC: 22    Str: 26    XL:     12   Next: 61%
Magic:  19/19      EV:  8    Int: 10    God:    Elyvilon [****..]
Gold:   540        SH: 19    Dex: 10    Spells: 0 memorised, 11 levels left

rFire  . . .     SeeInvis +     e - +1 scimitar (freeze)
rCold  + . .     Gourm    .     B - +0 plate armour
rNeg   . . .     Faith    .     u - +1 large shield
rPois  +         Spirit   .     (helmet unavailable)
rElec  .         Dismiss  .     g - +2 cloak {rPois}
rCorr  .         Reflect  .     y - +0 pair of gloves
SustAt +         Harm     .     j - +2 pair of boots
MR     +....                    (no amulet)
Stlth  ..........               A - +2 ring of strength
                                d - ring of sustain attributes

@:
A: permanent stasis, dig shafts and tunnels, four strong arms, antennae 3, cold
resistance 1
a: Dig, Shaft Self, Lesser Healing, Heal Other, Purification, Greater Healing,
Divine Protection, Renounce Religion


You were on level 3 of the Lair of Beasts.
You worshipped Elyvilon.
Elyvilon was greatly pleased with you.
You were not hungry.

You visited 3 branches of the dungeon, and saw 15 of its levels.

You collected 776 gold pieces.
You spent 236 gold pieces at shops.

Inventory:

Hand Weapons
 e - a +1 scimitar of freezing (weapon)
 r - a +0 hand crossbow
Missiles
 k - 23 bolts
Armour
 g - a +2 cloak of poison resistance (worn)
 j - a +2 pair of boots (worn)
 u - a +1 large shield (worn)
 y - a +0 pair of gloves (worn)
 B - a +0 plate armour (worn)
Jewellery
 d - a ring of sustain attributes (left hand)
 q - an uncursed ring of ice
 x - a +2 ring of intelligence
 A - a +2 ring of strength (right hand)
Scrolls
 a - 2 scrolls of remove curse
 c - 3 scrolls of recharging
 m - a scroll of enchant weapon
 o - 2 scrolls of silence
 t - 2 scrolls of fear
 z - a scroll of magic mapping
 G - a scroll of enchant armour
 I - a scroll of amnesia
Potions
 b - 3 potions of resistance
 h - a potion of brilliance
 i - 2 potions of flight
 l - a potion of cancellation
 p - 2 potions of heal wounds
 s - a potion of magic
 C - a potion of curing
 D - a potion of agility
 H - a potion of might
Comestibles
 f - 8 bread rations
 n - 7 meat rations
 v - a beef jerky
 w - 8 fruits
 E - a slice of pizza
 F - a chunk of flesh


   Skills:
 - Level 10.0 Fighting
 - Level 7.0 Long Blades
 - Level 7.0 Crossbows
 - Level 9.0 Armour
 - Level 6.0 Dodging
 - Level 10.0 Shields
 + Level 9.3 Invocations


You had 11 spell levels left.
You didn't know any spells.

Dungeon Overview and Level Annotations

Branches:
Dungeon (11/15)            Temple (1/1) D:7            Lair (3/6) D:10
  Snake (0/4) Lair:3
  Swamp: Lair:2-4    Shoals: Lair:2-4       Orc: D:9-12

Altars:
Ashenzari
Cheibriados
Dithmenos
Elyvilon
Fedhas
Gozag
Hepliaklqana
Kikubaaqudgha
Makhleb
Nemelex Xobeh
Okawaru
Pakellas
Qazlal
Ru
Sif Muna
Trog
Uskayaw
Vehumet
Xom
Yredelemnul
Zin
The Shining One

Shops:
D:5 *   D:9 [


Innate Abilities, Weirdness & Mutations

You are under a permanent stasis effect.
You can dig through walls and to a lower floor.
Your four strong arms can wield two-handed weapons with a shield.
You have a pair of large antennae on your head. (SInv)
Your flesh is cold resistant. (rC+)


Message History

You continue eating.
Magic restored.
You continue eating.
You finish eating.
This raw flesh tastes terrible.
Found a leather armour.
You see here a leather armour.
Some of the chunks of flesh in your inventory have rotted away.
Found 23 arrows.
You open the door.
There is an open door here.
You now have 540 gold pieces (gained 14).
Some of the chunks of flesh in your inventory have rotted away.
There is an open door here.
You enter the shallow water.
Moving in this stuff is going to be slow.
A merfolk comes into view. It is wielding a trident.
The merfolk shouts!
The merfolk hits you but does no damage.
The merfolk misses you.
Are you sure you want to abandon this character and quit the game? (Confirm with "yes".)

..##P.#####.####'..#....#..###
...#..# #.#≈≈≈#........###
P..##.# ###≈≈≈#.........# ###
....### #≈≈≈##.......####P###
##..## ####≈#.......###...#.
#...# #≈≈≈#..<...........# ##...#
{ #≈≈≈#.....<.[......# .....#
#≈≈≈#...........(... .....#
###@#.P............. .....##
#≈≈≈##..............# ...##.#
###≈m≈#................ ..#.#.#
#.#≈≈≈#.#.P...........#
..##..+####.#####.######P......#.
#####............(#### #........#
###.#....#........P# #.#.......
#.†.....#.........## ####.....#
###......##.......# #....#.


You could see a merfolk.

Vanquished Creatures
  Fannar (D:10)
  Harold (D:10)
  A catoblepas (Lair:2)
  A centaur warrior (D:10)
  2 hill giants (D:10)
  2 komodo dragons
  A rime drake (Lair:3)
  A troll (D:9)
  Grinder (D:5)
  3 two-headed ogres
  A basilisk (Lair:2)
  Grum (D:8)
  A wraith (D:10)
  A hungry ghost (D:7)
  2 hippogriffs
  4 nagas (Lair:3)
  9 swamp worms (Lair:1)
  6 water moccasins
  4 porcupines
  2 hell hounds (D:10)
  3 orc warriors (D:10)
  A black bear (D:8)
  4 ogres
  A wasp (D:10)
  4 necrophages
  3 sky beasts
  2 eyes of draining (D:9)
  8 centaurs
  2 crocodiles
  9 wolves
  A big kobold (D:8)
  10 giant frogs
  A wyvern skeleton (D:9)
  A scorpion (D:6)
  9 wights
  5 howler monkeys
  4 crimson imps
  A centaur zombie (D:9)
  4 hounds
  A quasit (D:5)
  A giant frog zombie (D:9)
  A wasp zombie (D:8)
  6 orc priests
  A jelly (D:6)
  6 orc wizards
  2 giant frog skeletons
  4 iguanas
  Natasha (thrice) (D:2)
  6 worker ants
  A hound skeleton (D:9)
  2 worker ant zombies
  2 howler monkey skeletons
  3 gnolls (D:4)
  10 adders
  17 river rats
  A shadow imp (D:9)
  5 oozes
  An adder zombie (D:5)
  16 worms
  A dart slug (D:2)
  7 giant geckos
  26 orcs
  8 bats
  4 giant cockroaches
  12 goblins
  3 hobgoblins (D:1)
  15 jackals
  10 kobolds
  4 quokkas
  A ball python (D:3)
  A giant gecko skeleton (D:5)
  3 giant newts
  6 rats
308 creatures vanquished.

Vanquished Creatures (others)
  3 fungi
  2 plants (Lair:1)
5 creatures vanquished.

Grand Total: 313 creatures vanquished

Notes
Turn   | Place    | Note
-------+----------+-------------------------------------------
     0 | D:1      | Murumi the Formicid Fighter began the quest for the Orb.
     0 | D:1      | Reached XP level 1. HP: 18/18 MP: 1/1
    57 | D:1      | Reached skill level 1 in Dodging
    57 | D:1      | Reached XP level 2. HP: 23/24 MP: 2/2
   267 | D:1      | Reached XP level 3. HP: 28/29 MP: 3/3
   972 | D:2      | Reached XP level 4. HP: 35/35 MP: 4/4
  1526 | D:2      | Noticed Natasha
  1532 | D:2      | Killed Natasha
  1532 | D:2      | Reached XP level 5. HP: 42/42 MP: 5/5
  1769 | D:2      | Noticed Natasha
  1778 | D:2      | Killed Natasha
  1788 | D:2      | Noticed Natasha
  1795 | D:2      | Killed Natasha
  1937 | D:3      | Found a sparkling altar of Nemelex Xobeh.
  2041 | D:3      | Found a radiant altar of Vehumet.
  2080 | D:3      | Gained mutation: Your flesh is cold resistant. (rC+) [potion of beneficial mutation]
  2303 | D:3      | Reached skill level 5 in Shields
  2303 | D:3      | Reached XP level 6. HP: 41/48 MP: 6/6
  2544 | D:3      | Found a hide-covered altar of Uskayaw.
  2544 | D:3      | Found a bloodstained altar of Trog.
  2803 | D:4      | Reached XP level 7. HP: 50/54 MP: 7/7
  3451 | D:5      | Entered Level 5 of the Dungeon
  3859 | D:5      | Reached skill level 5 in Fighting
  4050 | D:5      | Noticed Grinder
  4074 | D:5      | Killed Grinder
  4074 | D:5      | Reached skill level 5 in Armour
  4074 | D:5      | Reached XP level 8. HP: 26/62 MP: 8/8
  4316 | D:5      | Found Wuracush's Assorted Antiques.
  4322 | D:5      | Bought a scroll labeled ROTIPR FUDY for 28 gold pieces
  4322 | D:5      | Bought a scroll of identify for 56 gold pieces
  4322 | D:5      | Bought a hand crossbow for 98 gold pieces
  4570 | D:6      | Reached skill level 1 in Crossbows
  5635 | D:6      | Reached XP level 9. HP: 68/68 MP: 9/9
  5994 | D:7      | Reached skill level 5 in Long Blades
  6111 | D:7      | Found a staircase to the Ecumenical Temple.
  6120 | Temple   | Entered the Ecumenical Temple
  6265 | Temple   | Became a worshipper of Elyvilon the Healer
  6330 | D:7      | Found an iron altar of Okawaru.
  6379 | D:7      | Found a glowing silver altar of Zin.
  6602 | D:8      | Reached skill level 5 in Crossbows
  6610 | D:8      | Reached skill level 1 in Invocations
  6661 | D:8      | Found a stormy altar of Qazlal.
  6791 | D:8      | Noticed a two-headed ogre
  6832 | D:8      | Killed a two-headed ogre
  6849 | D:8      | Reached skill level 5 in Invocations
  7054 | D:8      | Reached XP level 10. HP: 76/76 MP: 12/14
  7059 | D:8      | Reached * piety under Elyvilon
  7215 | D:8      | Noticed Grum
  7243 | D:8      | Killed Grum
  8508 | D:9      | Found Cunyaf's Armour Emporium.
  8533 | D:9      | Bought a +0 pair of gloves for 54 gold pieces
  9099 | D:9      | Reached skill level 5 in Dodging
  9142 | D:9      | Reached ** piety under Elyvilon
  9340 | D:10     | Entered Level 10 of the Dungeon
  9421 | D:10     | Noticed a five-headed hydra
  9422 | D:10     | Pacified a five-headed hydra
  9422 | D:10     | Reached XP level 11. HP: 84/84 MP: 17/17
  9482 | D:10     | Found a staircase to the Lair.
  9487 | D:10     | Noticed a hill giant
  9497 | D:10     | Killed a hill giant
  9909 | D:10     | Noticed Harold
  9979 | D:10     | Killed Harold
 10382 | D:10     | Noticed a hill giant
 10395 | D:10     | Killed a hill giant
 10424 | D:10     | Noticed a centaur warrior
 10448 | D:10     | Killed a centaur warrior
 10812 | D:10     | Noticed Fannar
 10890 | D:10     | Killed Fannar
 11550 | Lair:1   | Entered Level 1 of the Lair of Beasts
 11799 | Lair:1   | Reached XP level 12. HP: 84/92 MP: 18/18
 11932 | Lair:1   | Reached *** piety under Elyvilon
 12976 | Lair:1   | Noticed a seven-headed hydra
 12977 | Lair:1   | Pacified a seven-headed hydra
 13063 | Lair:1   | You fall through a shaft!
 13074 | Lair:2   | Noticed a catoblepas
 13102 | Lair:2   | HP: 2/94 [catoblepas (12)]
 13126 | Lair:2   | Killed a catoblepas
 14049 | Lair:2   | Reached skill level 10 in Fighting
 14522 | Lair:3   | Found a staircase to the Snake Pit.
 14897 | Lair:3   | Reached skill level 10 in Shields
 14969 | Lair:3   | Reached **** piety under Elyvilon
 15137 | Lair:3   | Quit the game

Vault maps used:
D:1:      minmay_arrival_checkered_box, serial_glass, glass_columns_b,
          glass_columns_a, minmay_strange_pillars
D:2:      uniq_natasha
D:3:      lemuel_doored_altar, gammafunk_temple_overflow_wave,
          old_standard_altar, minmay_misc_feat_tiny
D:4:      hangedman_abyss_or_decor_stagger
D:5:      serial_shops, shop, first_bread, uniq_grinder
D:7:      okawaru_ov_weapons_minmay, nicolae_overflow_crystal_walls
D:8:      lemuel_coloured_pillars_altar, uniq_grum
D:9:      serial_shops, nicolae_shop_crystal
D:10:     minmay_lair_entry_lava, uniq_fannar, uniq_harold
D:11:     the_bakery, nicolae_lava_and_water
Temple:   regret_index_temple_generic_petals
Lair:1:   grunt_forest_small_clearings, st_stairs_13, worms_lemuel
Lair:2:   fungi_pond_lemuel
Lair:3:   elwin_shoals_entry_rooms, minmay_snake_entry_guardpost_small

Skill      XL: |  1  2  3  4  5  6  7  8  9 10 11 12 |
---------------+-------------------------------------+-----
Dodging        | 1 2 3 4 5 6 |  6.0
Shields        | 4 5 6 7 8 9 10 | 10.0
Long Blades    | 3 4 5 6 7 |  7.0
Fighting       | 4 5 6 7 8 10 | 10.0
Armour         | 4 5 6 7 9 |  9.0
Crossbows      | 4 5 6 7 |  7.0
Invocations    | 5 8 9 |  9.3

Action                   |  1- 3 |  4- 6 |  7- 9 | 10-12 || total
-------------------------+-------+-------+-------+-------++-------
Melee: Long sword        |   133 |   190 |   317 |       ||   640
       Scimitar          |       |       |   201 |  1016 ||  1217
 Fire: Hand crossbow     |       |       |     3 |    17 ||    20
Invok: Lesser Healing    |       |       |       |    21 ||    21
       Heal Other        |       |       |       |     2 ||     2
 Abil: Dig               |       |     1 |     3 |    13 ||    17
  Use: Scroll            |     3 |     8 |    14 |     5 ||    30
       Potion            |       |     1 |     2 |     3 ||     6
  Eat: Chunk             |       |     7 |    13 |    30 ||    50
       Meat ration       |       |       |     1 |       ||     1
       Pizza             |       |       |       |     2 ||     2
       Fruit             |       |       |       |     1 ||     1
Armor: Scale mail        |    42 |    24 |       |       ||    66
       Chain mail        |       |    42 |   205 |   118 ||   365
       Plate armour      |       |       |       |   120 ||   120
       Skin              |       |       |       |     1 ||     1
Dodge: Dodged            |    43 |    38 |    86 |   137 ||   304
Block: Shield            |    67 |    71 |     3 |       ||   141
       Large shield      |       |       |   401 |   759 ||  1160
